Map: Oxide LE

Players

Arctur

  • Race: Terran Terran
  • Spawn Location: 7:00

soul - Winner!

  • Race: Terran Terran
  • League: Master
  • Spawn Location: 1:00

Event: DreamHack SC2 Masters 2020 Winter

VOD

Have the link to the VOD?

Description

Time

  • Played on: Oct. 14, 2020, 1:39 p.m.
  • Length: 13:38

All games in this series

Show
View Real Time Build Order
Export as new Build Order

Arctur Terran 

Build Orders:  

Get SALT Encoding   

  12  0:00  SCV  
  13  0:13  Supply Depot  
  13  0:18  SCV  
  14  0:36  Barracks  
  14  0:41  Refinery  
  14  0:55  Barracks  
  14  1:00  SCV  
  15  1:12  SCV  
  16  1:26  Reaper, Orbital Command  
  17  1:32  Refinery  
  17  1:44  Reaper  
  18  1:51  SCV  
  19  1:59  Supply Depot  
  19  2:03  SCV  
  20  2:09  Reaper  
  21  2:15  SCV  
  21  2:17  Reaper  
  23  2:28  SCV, Factory  
  24  2:40  SCV  
  24  2:41  Reaper  
  26  2:49  Reaper  
  27  2:52  SCV  
  28  3:16  Reaper  
  25  3:20  Command Center  
  25  3:21  Reaper  
  25  3:27  SCV  
  27  3:29  Factory Tech Lab  
  27  3:36  Starport  
  27  3:39  SCV  
  28  3:44  Supply Depot  
  27  3:51  SCV  
  28  3:56  Cyclone  
  30  4:11  SCV  
  30  4:12  Medivac  
  30  4:15  Marine x2  
  35  4:23  SCV  
  36  4:28  Supply Depot, Cyclone  
  36  4:29  Refinery  
  39  4:43  Starport Tech Lab  
  39  4:47  SCV  
  40  4:59  SCV  
  39  5:03  Raven  
  39  5:04  Orbital Command  
  40  5:11  SCV  
  41  5:16  Command Center  
  41  5:24  SCV  
  41  5:27  Siege Tank  
  45  5:31  SCV  
  41  5:36  SCV  
  41  5:39  Supply Depot  
  42  5:43  SCV  
  42  5:48  SCV  
  44  5:51  Raven  
  44  5:55  SCV  
  47  5:57  Barracks Reactor  
  47  5:59  Refinery  
  47  6:00  SCV  
  48  6:07  SCV, Siege Tank  
  52  6:12  SCV  
  52  6:16  Barracks x2  
  53  6:19  SCV  
  53  6:24  SCV  
  55  6:29  Orbital Command  
  55  6:32  SCV  
  56  6:36  SCV, Raven  
  56  6:38  Marine x2  
  61  6:44  SCV  
  61  6:45  Siege Tank  
  65  6:48  SCV  
  65  6:54  Orbital Command  
  66  6:55  Marine  
  66  6:56  SCV, Marine  
  69  7:04  Supply Depot, Engineering Bay  
  69  7:08  SCV x2, Engineering Bay  
  70  7:11  Barracks Reactor  
  70  7:12  Barracks Reactor  
  71  7:19  Siege Tank  
  71  7:20  SCV x2  
  76  7:24  SCV  
  77  7:32  SCV  
  77  7:33  SCV, Viking x2  
  83  7:43  Marine  
  82  7:45  SCV x2  
  82  7:48  SCV  
  82  7:49  Combat Shield, Marine x2  
  82  7:51  Marine x2, Siege Tank  
  89  7:57  SCV x2  
  92  8:00  SCV, Supply Depot  
  93  8:06  Viking x2, Marine  
  93  8:07  Marine x2  
  93  8:08  Marine  
  93  8:10  Supply Depot  
  101  8:13  Supply Depot  
  101  8:16  SCV x2  
  101  8:21  Marine  
  101  8:22  SCV  
  101  8:23  Siege Tank  
  101  8:24  Marine  
  101  8:25  Marine  
  101  8:26  Marine  
  108  8:32  SCV x2  
  111  8:36  Viking x2  
  111  8:46  Marine x4  
  112  8:49  SCV x2  
  112  8:55  Siege Tank  
  112  8:56  Marine  
  112  8:59  SCV  
  112  9:00  Refinery  
  112  9:01  SCV, Refinery  
  113  9:03  SCV, Terran Infantry Armor Level 1  
  113  9:04  Marine, Barracks  
  113  9:06  Medivac x2, Marine x3  
  113  9:07  Barracks  
  113  9:09  Terran Infantry Weapons Level 1  
  122  9:10  Supply Depot  
  122  9:12  SCV  
  122  9:13  SCV  
  122  9:14  Marine  
  125  9:18  Supply Depot  
  125  9:32  SCV x2, Marine x5  
  125  9:36  Medivac x2  
  131  9:43  Stimpack  
  131  9:44  SCV  
  131  9:45  SCV x2  
  128  9:49  Marine x4  
  128  9:50  Marine  
  130  9:57  SCV x3  
  129  10:06  Viking x2  
  129  10:07  Marine x3  
  131  10:28  SCV  
  131  10:29  Marine  
  131  10:33  Barracks Reactor, Barracks Tech Lab  
  128  10:37  SCV  
  107  10:50  Marine x2  
  107  10:51  Marine x2  
  107  10:54  Marine  
  107  10:57  SCV x2  
  108  11:08  Marine  
  108  11:09  SCV  
  110  11:30  Marine x2  
  110  11:31  Supply Depot, Marine x3  
  109  11:36  Marine x3  
  105  11:43  SCV  
  84  11:47  SCV  
  84  11:48  Marine x4  
  87  11:55  Marine x2  
  82  12:05  SCV  
  82  12:06  SCV  
  84  12:12  Marine x4  
  88  12:18  SCV, Siege Tank  
  88  12:22  Marine  
  93  12:36  Marine x4  
  97  12:46  Marine x2  
  97  12:49  Marine  
  97  12:50  Siege Tank  
  103  12:52  Marine  
  103  12:54  Marine  
  105  13:06  Marine  
  105  13:09  Marine x2  
  105  13:11  Marine  
  109  13:15  SCV  
  109  13:18  Marine  
Show
View Real Time Build Order
Export as new Build Order

soul Terran - Winner!

Build Orders:  

Get SALT Encoding   

  12  0:00  SCV  
  13  0:12  SCV  
  14  0:17  Supply Depot  
  14  0:24  SCV  
  15  0:38  SCV  
  15  0:40  Barracks  
  16  0:45  Refinery  
  16  0:50  SCV  
  17  1:02  SCV  
  18  1:15  SCV  
  19  1:27  Orbital Command  
  19  1:28  Reaper  
  20  1:48  Supply Depot  
  20  1:53  SCV, Bunker  
  20  1:54  Bunker  
  21  2:00  Marine  
  22  2:05  SCV  
  23  2:09  Factory  
  23  2:17  SCV, Marine  
  25  2:29  Command Center  
  25  2:31  SCV  
  26  2:39  Refinery  
  26  2:41  Marine  
  26  2:43  SCV  
  27  2:54  Hellion  
  28  2:59  Marine  
  28  3:01  SCV  
  27  3:14  SCV  
  27  3:15  Hellion  
  27  3:19  Barracks Tech Lab  
  29  3:26  SCV  
  30  3:29  Starport  
  30  3:33  Supply Depot  
  30  3:38  SCV  
  30  3:40  Supply Depot  
  31  3:51  Barracks Reactor  
  31  3:55  SCV, Cyclone  
  35  4:07  SCV  
  32  4:10  Orbital Command  
  32  4:11  Starport Tech Lab  
  32  4:19  SCV  
  33  4:29  Marine x2  
  35  4:31  SCV  
  35  4:32  Raven, Orbital Command  
  38  4:43  SCV  
  39  4:45  Refinery  
  39  4:47  Marine x2  
  41  4:55  SCV  
  40  5:01  SCV  
  40  5:05  Siege Tank  
  44  5:07  Marine  
  44  5:08  SCV  
  44  5:12  Marine  
  44  5:13  SCV, Supply Depot  
  48  5:20  SCV  
  49  5:25  SCV  
  50  5:29  Marine  
  50  5:32  SCV  
  50  5:33  Marine  
  50  5:37  SCV  
  50  5:38  Raven  
  50  5:39  Command Center  
  53  5:43  Cyclone  
  53  5:44  SCV  
  53  5:49  SCV  
  58  5:50  Supply Depot  
  58  5:55  Supply Depot  
  58  5:56  SCV  
  59  5:59  Marine  
  59  6:01  SCV  
  61  6:08  SCV  
  62  6:13  SCV  
  62  6:16  Siege Tank  
  62  6:17  Supply Depot  
  67  6:20  SCV  
  67  6:25  SCV  
  67  6:28  Barracks  
  67  6:29  Barracks  
  67  6:30  Refinery  
  67  6:32  SCV  
  68  6:34  Viking  
  68  6:38  SCV, Viking  
  73  6:44  SCV  
  73  6:45  Stimpack  
  74  6:50  SCV  
  74  6:51  Siege Tank  
  74  6:53  Orbital Command  
  78  6:56  SCV  
  79  7:01  Engineering Bay  
  79  7:02  SCV  
  79  7:03  Engineering Bay  
  79  7:04  Marine  
  79  7:08  Viking  
  83  7:10  Viking  
  83  7:12  SCV  
  86  7:16  Barracks Reactor x2  
  86  7:18  SCV, Orbital Command  
  87  7:28  SCV  
  88  7:33  Marine  
  88  7:34  SCV  
  90  7:41  SCV  
  91  7:51  Marine  
  87  7:53  SCV, Marine  
  87  7:54  Marine x3  
  87  7:56  Liberator x2  
  87  7:57  SCV  
  94  7:59  SCV  
  94  8:05  SCV  
  96  8:08  Terran Infantry Weapons Level 1, Marine  
  96  8:09  SCV  
  96  8:11  Marine  
  96  8:12  Marine x2  
  101  8:22  SCV  
  101  8:23  Supply Depot x3, Marine  
  101  8:25  Barracks x2, Siege Tank  
  101  8:26  Marine  
  99  8:27  SCV  
  99  8:28  Terran Infantry Armor Level 1  
  99  8:29  Marine  
  99  8:32  SCV  
  102  8:41  SCV, Marine  
  90  8:43  SCV, Marine  
  90  8:45  Viking  
  90  8:46  Marine  
  90  8:47  Marine x2  
  96  8:51  SCV  
  96  8:53  SCV  
  90  8:57  Siege Tank  
  90  8:59  Marine  
  90  9:00  Marine  
  94  9:04  Marine x2  
  94  9:05  Marine  
  94  9:07  Medivac  
  99  9:11  Marine  
  99  9:13  Marine  
  99  9:16  Marine  
  102  9:18  Marine  
  102  9:22  Marine x2  
  102  9:23  Marine  
  106  9:28  Combat Shield  
  106  9:29  Marine, Siege Tank  
  106  9:31  Marine  
  111  9:34  Marine  
  111  9:36  Marine  
  112  9:40  Marine x3  
  115  9:46  Medivac  
  115  9:47  Marine  
  115  9:48  Marine  
  115  9:52  Marine  
  120  9:54  Marine  
  120  9:58  Marine x3  
  124  10:06  Orbital Command  
  127  10:08  Supply Depot  
  127  10:12  Marine  
  125  10:14  Marine x3  
  125  10:23  Factory  
  125  10:28  Supply Depot  
  125  10:29  Medivac x2, Marine x4  
  133  10:49  Marine x6  
  137  10:59  Medivac x2  
  137  11:07  Marine x6  
  140  11:19  Supply Depot  
  140  11:21  Supply Depot x3  
  140  11:22  Supply Depot  
  140  11:23  Supply Depot  
  135  11:34  Marine x2  
  135  11:35  Marine  
  135  11:36  Marine x2  
  135  11:37  Medivac, Marine  
  135  11:38  Medivac  
  122  11:44  SCV x3  
  109  11:52  Marine x2  
  109  11:53  Marine  
  106  11:54  Marine x2  
  106  11:55  Marine  
  106  11:56  SCV x2  
  108  12:02  SCV  
  108  12:07  Medivac  
  112  12:08  SCV x2, Factory  
  112  12:10  Marine x2  
  112  12:11  Marine  
  112  12:12  Marine x2  
  112  12:13  Marine  
  112  12:14  SCV  
  122  12:20  SCV x2  
  124  12:26  SCV  
  124  12:28  Marine x2  
  124  12:29  Marine  
  127  12:30  Marine x2  
  127  12:31  Marine  
  125  12:42  SCV  
  126  12:45  Marine  
  126  12:46  Marine x2  
  126  12:47  Medivac x2  
  126  12:48  SCV, Marine x2  
  126  12:49  Marine  
  135  12:54  Factory Tech Lab  
  135  12:58  Armory, Barracks  
  134  13:01  Sensor Tower  
  134  13:03  Marine x2  
  134  13:04  Marine  
  137  13:05  Marine x2  
  137  13:06  Marine  
Tags
 
Add a new tag
Caveats
  • Supply blocks, unpowered buildings, or Contaminate may cause inaccurate times.
  • Supply counts are checked every 10 seconds.